[Event "Torneo Nuevo Centro. Jornada 10"]
[Site "Chess.com"]
[Date "2020.08.21"]
[Round "9"]
[White "Donate Moreno, Silvia"]
[Black "Bendayán Claros, Aaron"]
[Result "0-1"]
[WhiteElo "1846"]
[BlackElo "1987"]
[TimeControl "180+2"]
[EndTime "12:08:58 PDT"]
[Termination "Victoria de Cuajada_Zero por abandono"]

1. e4 c6 2. d4 d5 3. exd5 cxd5 4. Bd3 Nc6 5. c3 Nf6 6. Bf4 g6 7. Nf3 Bg7 8. Nbd2 O-O 9. O-O Nh5 10. Be3 Qd6 11. Re1 Nf4 12. Bf1 Bf5 13. Nb3 b6 14. Qd2 Ne6 15. Nc1 Be4 16. Be2 f5 17. Nd3 f4 18. Nde5 fxe3 19. Qxe3 Nxe5 20. dxe5 Qc5 21. Nd4 Nxd4 22. cxd4 Qb4 23. g4 Qxb2 24. Rac1 Rac8 25. f3 Bc2 26. Qd2 Rc7 27. Bd1 Rfc8 28. Re2 Rc4 29. Rxc2 Rxc2 30. Bxc2 Rc4 31. Bb3 Qxd4+ 32. Kg2 e6 33.
Bxc4 Qxc4 34. f4 Bf8 35. Qc2 Qxf4 36. h3 Bc5 37. Qa4 Kf7 38. Qa5 bxa5 0

[Event "Torneo Nuevo Centro. Jornada 10"]
[Site "Chess.com"]
[Date "2020.08.21"]
[Round "9"]
[White "Tormos Beltran, Maite"]
[Black "Polikarpov, Anton"]
[Result "1-0"]
[WhiteElo "1447"]
[BlackElo "1291"]
[TimeControl "180+2"]
[EndTime "12:09:04 PDT"]
[Termination "Victoria de TORBEL79 por abandono"]

1. d4 d5 2. c4 c6 3. Nc3 Bf5 4. Nf3 Bg4 5. g3 Bxf3 6. exf3 g6 7.
Bg2 Bg7 8. O-O Nf6 9. cxd5 cxd5 10. f4 O-O 11. Qc2 Ne4 12. Nxe4 dxe4 13. Qxe4 Na6 14.
Qxb7 Nc7 15. Qe4 Bxd4 16. Rb1 f5 17. Qc2 Nd5 18. Qb3 Rb8 19. Qxd5+ Qxd5 20. Bxd5+ Kh8 21.
b3 Rfe8 22. Bb2 Bxb2 23. Rxb2 e6 24. Bc4 Rbd8 25. Re2 a5 26. Rxe6 Rxe6 27. Bxe6 Rd6 28. Bc4 Rd2 29. Re1 Rxa2 30. Re8+ Kg7 31. Re7+ Kf6 32. Ra7 Ra1+ 33. Kg2 g5 34. Rxh7 gxf4 35. gxf4 a4 36. bxa4 Rxa4 37. Rf7+ Kg6 38. Rc7 Rb4 39. Bf7+ Kf6 40. Bh5 Rxf4 41. Rc6+ Kg5 42. Be8 Re4 43. Rg6+ Kf4 44. Bc6 Rc4 45. Rh6 Ke5 46. Ba8 Ra4 47.
Bc6 Ra6 48. h4 Kd4 49. Rf6 f4 50. Kf3 Kc5 51. Kxf4 Ra8 52. Bxa8 1

[Event "Torneo Nuevo Centro. Jornada 10"]
[Site "Chess.com"]
[Date "2020.08.21"]
[Round "9"]
[White "Perrot, Fabien "]
[Black "Chofre Murcia, Adrián"]
[Result "0-1"]
[WhiteElo "1113"]
[BlackElo "1613"]
[TimeControl "180+2"]
[EndTime "12:09:10 PDT"]
[Termination "Victoria de Kelorian por tiempo"]

1. d4 f5 2. c4 Nf6 3. Nc3 e6 4.
Bg5 h6 5. Bh4 g5 6. Bg3 f4 7.
Qd3 fxg3 8. hxg3 Qe7 9. Qg6+ Qf7 10. Qd3 d6 11. e3 Bd7 12. Be2 Nc6 13. a3 Qh7 14. Qd2 Na5 15. Bd3 Qg7 16. Bc2 Nxc4 17. Qc1 Nb6 18. Nge2 O-O-O 19. a4 Nfd5 20. a5 Nc4 21. a6 b6 22. Nb5 Bxb5 23. Bb3 Qd7 24. Bxc4 Bxc4 25. Qxc4 Bg7 26. O-O Rhf8 27. Rfc1 h5 28.
Rc2 Kb8 29. Rac1 Rc8 30. e4 Ne7 31. Qb3 h4 32. Rc3 hxg3 33. Nxg3 Bxd4 0

[Event "Torneo Nuevo Centro. Jornada 10"]
[Site "Chess.com"]
[Date "2020.08.21"]
[Round "9"]
[White "Garrido Silos, Pablo"]
[Black "Méndez Giménez , Néstor Emmanuel"]
[Result "1-0"]
[WhiteElo "1445"]
[BlackElo "1243"]
[TimeControl "180+2"]
[EndTime "12:09:13 PDT"]
[Termination "Victoria de Picotina por abandono"]

1. e4 e6 2. Qe2 Nc6 3. Nf3 Nf6 4. g3 Be7 5. Bg2 d5 6. exd5 exd5 7. O-O O-O 8. d4 b6 9. Be3 a5 10. Re1 Ba6 11.
Qd2 Ne4 12. Qd1 Qd6 13. c3 Bf6 14. Nbd2 Nxd2 15. Qxd2 Rfe8 16. Bf4 Rxe1+ 17. Rxe1 Qd7 18. Ne5 Nxe5 19. Bxe5 Bxe5 20. Rxe5 Re8 21. Qe3 Bb5 22. Rxe8+ Qxe8 23. Qxe8+ Bxe8 24. Bxd5 c6 25. Be4 g6 26. f4 f5 27. Bd3 b5 28. Kf2 Kf7 29. b3 Ke6 30.
Ke3 Kd5 31. c4+ bxc4 32. bxc4+ Kd6 33. Bc2 Bf7 34. Bb3 c5 35. d5 h6 36. Ba4 g5 37.
Bc6 Kc7 38. fxg5 hxg5 39. h4 gxh4 40. gxh4 Kd6 41. Kf4 Bg6 42. Bb7 a4 43. Bc8 Ke7 44. Bxf5 Bh5 45. a3 Kf6 46. Bd7 Bd1 47. h5 Ke7 48. h6 Bc2 49. Bf5 Bxf5 50. Kxf5 Kf7 51. d6 1

[Event "Torneo Nuevo Centro. Jornada 10"]
[Site "Chess.com"]
[Date "2020.08.21"]
[Round "9"]
[White "Soliva Ruiz, Ramon"]
[Black "Roca Cruz, Rafael"]
[Result "0-1"]
[WhiteElo "1521"]
[BlackElo "1827"]
[TimeControl "180+2"]
[EndTime "12:09:17 PDT"]
[Termination "Victoria de RafaRocaCruz por abandono"]

1. d4 b5 2. Bf4 Bb7 3. a3 e6 4. Nc3 a6 5. e3 Nf6 6. Nf3 Be7 7.
Be2 O-O 8. O-O d6 9. Nd2 Nbd7 10. Bf3 Bxf3 11. Nxf3 c5 12. Ne2 Nh5 13. dxc5 Nxc5 14.
b4 Ne4 15. Qd3 Nxf4 16. Nxf4 d5 17. Nd2 Bf6 18. Rac1 Nd6 19. Rfd1 g6 20. e4 dxe4 21.
Nxe4 Nxe4 22. Qxe4 Qc7 23. Rd3 Bg5 24. g3 Rad8 25.
Rcd1 Qxc2 26. Rxd8 Qxe4 0

[Event "Torneo Nuevo Centro. Jornada 10"]
[Site "Chess.com"]
[Date "2020.08.21"]
[Round "9"]
[White "Blanco Solaz, Ramón"]
[Black "Montesinos Diaz, Luis"]
[Result "0-1"]
[WhiteElo "1985"]
[BlackElo "1889"]
[TimeControl "180+2"]
[EndTime "12:09:20 PDT"]
[Termination "Victoria de Gwiso_06 por abandono"]

1. e4 c6 2. c4 d5 3. exd5 cxd5 4. cxd5 Nf6 5. Nc3 Nxd5 6. d4 Nc6 7. Bc4 Nf6 8. Be3 Bf5 9. Nf3 e6 10. O-O Bd6 11. h3 O-O 12. a3 a6 13. Nh4 Bg6 14. Nxg6 hxg6 15. Qf3 Rc8 16. Rad1 Qe7 17. Ba2 Rfd8 18.
Rfe1 Qc7 19. Bg5 Be7 20. Bf4 Qb6 21. d5 exd5 22. Nxd5 Nxd5 23. Bxd5 Bf6 24. b4 Nd4 25. Qg4 Rc2 26. Be4 Ra2 27. Re3 Ne2+ 28. Rxe2 Rxd1+ 29. Kh2 Rxe2 30. Qxe2 Rd4 31. f3 Qe6 32. Qc2 Be5 33.
Bxe5 Qxe5+ 34. g3 Qd6 35. Qc8+ Kh7 36. h4 Rd2+ 37. Kh3 Qd7+ 38. Qxd7 Rxd7 39. g4 b6 40. a4 Rd4 0

[Event "Torneo Nuevo Centro. Jornada 10"]
[Site "Chess.com"]
[Date "2020.08.21"]
[Round "9"]
[White "Salvador Buiza, Victor"]
[Black "Sampedro Roig, Josep Francesc"]
[Result "1-0"]
[WhiteElo "1897"]
[BlackElo "1826"]
[TimeControl "180+2"]
[EndTime "12:09:23 PDT"]
[Termination "Victoria de TERROROSCURO666 por tiempo"]

1. e4 Nf6 2. e5 Nd5 3. c4 Nb6 4. d4 d6 5. exd6 cxd6 6. Nc3 g6 7. Be2 Bg7 8. Nf3 O-O 9. b3 Nc6 10. Bb2 e5 11. d5 Ne7 12. O-O h6 13. Nd2 Nf5 14.
f4 Nd4 15. fxe5 Bxe5 16. Nf3 Nxf3+ 17. Bxf3 Qh4 18. g3 Bxg3 19. hxg3 Qxg3+ 20. Bg2 Bh3 21. Qf3 Qxf3 22. Rxf3 Bg4 23. Rff1 f5 24. Kh2 Nd7 25. Nb5 Rae8 26. Rae1 Be2 27. Rf2 Bd3 28. Rxe8 Rxe8 29. Rd2 Bb1 30. Nxd6 Re1 31. Bd4 b6 32.
Nb5 a6 33. Nc7 a5 34. Ne6 g5 35. d6 f4 36. Bd5 Kh7 37. Kg2 h5 38. Bc6 1

[Event "Torneo Nuevo Centro. Jornada 10"]
[Site "Chess.com"]
[Date "2020.08.21"]
[Round "9"]
[White "Aymerich Rosell, Pablo"]
[Black "Leal Uribe, Jhonny Alberto"]
[Result "1/2-1/2"]
[WhiteElo "2004"]
[BlackElo "2428"]
[TimeControl "180+2"]
[EndTime "12:09:25 PDT"]
[Termination "Partida en tablas por material insuficiente"]

1. e4 c5 2. Nf3 Nc6 3. Bb5 Nb8 4. O-O a6 5. Be2 e6 6. c3 d5 7.
exd5 Qxd5 8. d4 cxd4 9. cxd4 Nf6 10. Nc3 Qd8 11. Bg5 Be7 12. Re1 O-O 13. Rc1 b5 14. Ne5 Bb7 15. Bf3 Qb6 16. Bxb7 Qxb7 17. Bxf6 gxf6 18.
Ng4 f5 19. Nh6+ Kh8 20. Qh5 Bf6 21. d5 b4 22. dxe6 bxc3 23. Nxf7+ Rxf7 24. exf7 Kg7 25. f8=Q+ Kxf8 26. Re8+ Kg7 27. bxc3 Nc6 28. Rxa8 Qxa8 29. Qxf5 Qe8 30. Rd1 Qg6 31. Rd7+ Ne7 32. Qf3 Qb1+ 33. Rd1 Qxa2 34. g3 Qe6 35. h4 a5 36. h5 a4 37. c4 Qxc4 38. h6+ Kf7 39. Qh5+ Ng6 40.
Rd7+ Be7 41. Qf5+ Ke8 42. Ra7 Qc1+ 43. Kh2 Qxh6+ 44. Kg2 Qc1 45. Rxa4 Qc6+ 46. Qe4 Qxe4+ 47. Rxe4 Kf7 48. Re2 Bf6 49. Ra2 h5 50. Ra5 h4 51.
gxh4 Bxh4 52. Ra7+ Be7 53. Rxe7+ Nxe7 54. f4 Kf6 55. f5 Kxf5 1/2-1

[Event "Torneo Nuevo Centro. Jornada 10"]
[Site "Chess.com"]
[Date "2020.08.21"]
[Round "9"]
[White "Escalona Moncholi, Felix"]
[Black "Fenollar Jorda, Manolo"]
[Result "1/2-1/2"]
[WhiteElo "2104"]
[BlackElo "2465"]
[TimeControl "180+2"]
[EndTime "12:09:43 PDT"]
[Termination "Tablas por repeticiÃ³n"]

1. e4 e5 2. Nf3 Nc6 3. Bb5 a6 4. Ba4 Nf6 5. O-O b5 6. Bb3 Bc5 7. c3 d6 8. h3 O-O 9. Re1 Bb7 10. d3 Bb6 11. Nbd2 Ne7 12. Nf1 Ng6 13. Ng3 h6 14.
Be3 Kh7 15. Qd2 Ng8 16. Rad1 N6e7 17. Bc2 Qd7 18. Bxb6 cxb6 19. d4 Qc7 20. dxe5 dxe5 21. Qd7 Rac8 22. Qxc7 Rxc7 23. Nxe5 Nf6 24. f4 Kg8 25.
Rd2 Re8 26. Bb3 Nc6 27. Nxc6 Bxc6 28. e5 Nd7 29. e6 fxe6 30. Rxe6 Kf8 31. Rxe8+ Kxe8 32. Bd5 Bxd5 33. Rxd5 Nc5 34. Rd6 Na4 35. Rd2 Rd7 36.
Re2+ Kf7 37. Ne4 Rd1+ 38. Kf2 Nc5 39. Nxc5 bxc5 40. a3 Kf6 41. g4 Rd3 42. Re3 Rd2+ 43. Re2 Rd3 44. Re3 Rd2+ 45. Re2 Rd3 1/2-1

[Event "Torneo Nuevo Centro. Jornada 10"]
[Site "Chess.com"]
[Date "2020.08.21"]
[Round "9"]
[White "Maestre Soler, Sergio"]
[Black "Miranda Calvo, Max Rodrigo"]
[Result "0-1"]
[WhiteElo "943"]
[BlackElo "1355"]
[TimeControl "180+2"]
[EndTime "12:09:49 PDT"]
[Termination "Victoria de bas-max-miranda por tiempo"]

1. e4 e5 2. Bc4 Nc6 3. Nc3 Nf6 4. Nf3 Nxe4 5. Nxe4 d5 6. Bxd5 Qxd5 7. Nc3 Qd6 8.
O-O Bg4 9. Nb5 Qd7 10. h3 Bh5 11. d3 a6 12. Nc3 Bd6 13. Bg5 f6 14. Be3 O-O 15. a3 Bxf3 16. Qxf3 Nd4 17. Bxd4 exd4 18. Nd5 c6 19. Nf4 Bxf4 20. Qxf4 Rfe8 21. Rae1 Qd5 22. Rxe8+ Rxe8 23. Qc7 Qb5 24. b4 Qe5 25. Qxb7 Qb5 26.
Ra1 Qxb7 27. a4 Re6 28. b5 cxb5 29. axb5 axb5 0

[Event "Torneo Nuevo Centro. Jornada 10"]
[Site "Chess.com"]
[Date "2020.08.21"]
[Round "9"]
[White "Buenafe Moya, Javier"]
[Black "Gutierrez Marco, Dario"]
[Result "1-0"]
[WhiteElo "1900"]
[BlackElo "1822"]
[TimeControl "180+2"]
[EndTime "12:09:53 PDT"]
[Termination "Victoria de JavierBuenafeMoya por abandono"]

1. c4 e5 2. Nc3 Nf6 3. g3 c6 4. d4 e4 5. Bg2 d5 6. f3 Bf5 7.
Qb3 Qd7 8. fxe4 dxe4 9. Bf4 Be7 10. O-O-O O-O 11. h3 b5 12. cxb5 cxb5 13. Qxb5 Rc8 14. Qxd7 Nbxd7 15. e3 Bb4 16. Ne2 Nb6 17. Kb1 Nc4 18.
g4 Bg6 19. g5 Nh5 20. Bxe4 Nxf4 21. exf4 Ne3 22. Rd3 Nf5 23. Rc1 Rab8 24. Ka1 Rd8 25. d5 Nd6 26. Bxg6 fxg6 27. Ng3 Rbc8 28. Re1 Re8 29. Re6 Red8 30. a3 Ba5 31. b4 Bb6 32. Nce4 Nxe4 33. Nxe4 Rc1+ 34. Kb2 Rf1 35. d6 Rxf4 36.
Nc5 Bxc5 37. bxc5 Rc4 38. Rc3 Rb8+ 39. Kc2 Rd4 40. c6 Rc8 41. d7 Rd8 42. Re8+ Kf7 1

[Event "Torneo Nuevo Centro. Jornada 10"]
[Site "Chess.com"]
[Date "2020.08.21"]
[Round "9"]
[White "Mellado Sais, Carles"]
[Black "Ortiz Benavent, Alba"]
[Result "0-1"]
[WhiteElo "1366"]
[BlackElo "1221"]
[TimeControl "180+2"]
[EndTime "12:10:04 PDT"]
[Termination "Victoria de or20 por abandono"]

1. d4 d5 2. Nf3 Nf6 3. c4 Bg4 4.
e3 e6 5. Nc3 Nc6 6. Bd3 Bb4 7.
O-O O-O 8. Re1 Re8 9. a3 Bxc3 10. bxc3 dxc4 11. Bxc4 Na5 12. Bd3 Nc6 13. e4 Qd7 14. e5 Nd5 15. c4 Nde7 16. Bb2 Bxf3 17. Qxf3 Nxd4 18. Bxd4 Qxd4 19. Rad1 Qb6 20. Qh3 h6 21. Re3 Ng6 22. Bxg6 fxg6 23. Rg3 g5 24. Qh5 Rf8 25. Rf3 Rxf3 26. Qxf3 Rf8 27. Qg3 Qa6 28. c5 Qc6 29. Qc3 Rf5 30. Re1 Qd5 31. f3 Rf4 32. Qe3 Qd4 33. Qxd4 Rxd4 34. Rc1 Rd5 35. c6 b6 36.
Kf2 Rxe5 37. Rd1 Rd5 38. Rxd5 exd5 39. Kg3 Kf7 40. f4 gxf4+ 41. Kxf4 Kf6 42. Ke3 g5 43. Kd4 Ke6 44. g4 Kd6 45. h4 gxh4 0

[Event "Torneo Nuevo Centro. Jornada 10"]
[Site "Chess.com"]
[Date "2020.08.21"]
[Round "9"]
[White "Garcia, Jhoel"]
[Black "Perez Garcia, Jose Miguel"]
[Result "1-0"]
[WhiteElo "2388"]
[BlackElo "2060"]
[TimeControl "180+2"]
[EndTime "12:10:05 PDT"]
[Termination "Victoria de shoels por abandono"]

1. b3 Nf6 2. Bb2 g6 3. g3 Bg7 4. Bg2 O-O 5. c4 d5 6. cxd5 Nxd5 7. d4 c5 8. Nf3 Nc6 9. O-O cxd4 10. Nxd4 Nxd4 11.
Bxd4 Bxd4 12. Qxd4 Nf6 13. Qh4 Qa5 14. Rc1 Qe5 15. Nc3 Rb8 16. Qf4 Qxf4 17. gxf4 Be6 18. Nb5 a6 19. Nc7 Bf5 20. e3 Rfd8 21. Rd1 Be4 22.
Bxe4 Nxe4 23. Nd5 Kf8 24. Rd4 e6 25. Rxe4 Rxd5 26. Rc1 Rbd8 27. a4 Rd1+ 28. Rxd1 Rxd1+ 29. Kg2 Rd7 30. Kf3 Ke7 31. Rb4 Rc7 32. Ke4 Kd6 33. Rb6+ Ke7 34. h3 Kf6 35. Kf3 h6 36. b4 Kf5 37. b5 axb5 38. Rxb5+ Kf6 39. a5 Ke7 40. Ke4 Kd6 41. Rb6+ Ke7 42. Kd4 Kf6 43. Ke4 Ke7 44. Rb1 Kf6 45. Kd4 Ke7 46. Rb2 Kf6 47. e4 Ke7 48. e5 Rd7+ 49. Kc4 Kf8 50. Kb5 Rd5+ 51. Kb6 Kg7 52. Rb5 Rd7 53. Rc5 Rd2 54.
Kxb7 Rxf2 55. a6 Rxf4 56. Ra5 Rb4+ 57. Kc6 Rc4+ 58. Kd6 Rc8 59. a7 Ra8 60. Kc6 f6 61. Kb7 Rxa7+ 62. Rxa7 fxe5 63. Kc6+ Kf6 64. Kd6 g5 65.
Ra8 h5 66. Rf8+ Kg7 67. Rf1 e4 68. Kxe6 Kg6 69. Ke5 e3 70. Re1 e2 71. Rxe2 g4 72.
Kf4 gxh3 73. Rh2 Kf6 74. Rxh3 Kg6 75. Rh4 Kh6 76. Kf5 1

[Event "Torneo Nuevo Centro. Jornada 10"]
[Site "Chess.com"]
[Date "2020.08.21"]
[Round "9"]
[White "Fitzpatrick Dimas  , Andrew "]
[Black "Valero Martinez, Óscar"]
[Result "0-1"]
[WhiteElo "1018"]
[BlackElo "1070"]
[TimeControl "180+2"]
[EndTime "12:10:23 PDT"]
[Termination "Victoria de Oscar12000 por tiempo"]

1. Nf3 Nc6 2. c4 e5 3. d4 Nf6 4. c5 exd4 5. Nxd4 Bxc5 6. Be3 Bb4+ 7. Nc3 Ne4 8. a3 Ba5 9. b4 Bb6 10. Nxe4 Qh4 11. Qd3 d6 12. Nxc6 bxc6 13. Nxd6+ cxd6 14. Qxd6 Bxe3 15. Qxc6+ Bd7 16. Qxa8+ Ke7 17. Qf3 Bd4 18. g3 Qg5 19. Rd1 Bg4 20. Qf4 Bc3+ 21. Rd2 Qxf4 22.
gxf4 Bxd2+ 23. Kxd2 Rd8+ 24. Kc3 Kf6 25. h3 Bf5 26. e3 Be4 27. Rg1 g6 28. Rg4 Bf5 29.
Rg3 Rd1 30. Bc4 Rc1+ 31. Kd4 Rd1+ 32. Kc5 Kg7 33. f3 Rd7 34. e4 Rc7+ 35. Kb5 Bd7+ 36.
Ka6 Rxc4 37. Kxa7 Rc7+ 38. Kb6 Rc6+ 39. Ka5 Be6 40. f5 Bb3 0

[Event "Torneo Nuevo Centro. Jornada 10"]
[Site "Chess.com"]
[Date "2020.08.21"]
[Round "9"]
[White "Chernikov, Vladimir"]
[Black "Castellano López, Javier"]
[Result "0-1"]
[WhiteElo "2207"]
[BlackElo "1947"]
[TimeControl "180+2"]
[EndTime "12:10:40 PDT"]
[Termination "Victoria de its_xavi_official por abandono"]

1. c4 g6 2. g3 Bg7 3. Bg2 Nf6 4. Nc3 O-O 5. Nf3 c5 6. O-O Nc6 7. b3 d6 8. Bb2 e5 9. d3 Be6 10. Ng5 Nd7 11. Nxe6 fxe6 12. Bh3 Qe7 13. e3 a6 14. Qg4 Rae8 15. Rad1 Nf6 16. Qe2 d5 17.
f4 d4 18. Nb1 exf4 19. exf4 e5 20. Rde1 exf4 21. Qxe7 Rxe7 22. Rxe7 Nxe7 23. Be6+ Kh8 24.
Rxf4 Bh6 25. Rf1 Be3+ 26. Kg2 Kg7 27. Ba3 b6 28. b4 cxb4 29. Bxb4 Re8 30. Bh3 Nc6 31.
Bd6 Ne5 32. Rd1 Neg4 33. Rf1 Bg5 34. Bxg4 Nxg4 35. Kh3 h5 36. Nd2 Bxd2 37. c5 bxc5 38. Bxc5 Bc3 39. a4 Re2 40. Kh4 Rxh2+ 41. Kg5 Bd2+ 42.
Rf4 Bxf4+ 43. gxf4 Rd2 44. Bxd4+ Kf7 45. f5 gxf5 46. Kxf5 Rxd3 47. Bg1 Ra3 48. Kg5 Nf6 49. Kh6 Rxa4 50. Bf2 h4 51. Bg1 h3 52. Kg5 Ra1 53.
Bh2 Ra2 54. Be5 Rg2+ 55. Kh4 h2 56. Bxh2 Rxh2+ 57. Kg3 0

[Event "Torneo Nuevo Centro. Jornada 10"]
[Site "Chess.com"]
[Date "2020.08.21"]
[Round "9"]
[White "Pedros Viudes, Santiago"]
[Black "De Nacimiento Montano, Antonio"]
[Result "1-0"]
[WhiteElo "1931"]
[BlackElo "1849"]
[TimeControl "180+2"]
[EndTime "12:10:42 PDT"]
[Termination "Victoria de ElGatoKamsky por jaque mate"]

1. d4 d5 2. Nf3 e6 3. Bf4 Be7 4. e3 Nf6 5. Bd3 O-O 6. Ne5 Nbd7 7. h4 Ne4 8. h5 f5 9. g4 Bh4 10. Bxe4 dxe4 11. Nd2 Nxe5 12. dxe5 Bg5 13. Qe2 Bxf4 14. exf4 c6 15. O-O-O Qa5 16. Kb1 b6 17. Rdg1 Ba6 18. Qe3 Kh8 19. gxf5 exf5 20. h6 g6 21. f3 Rad8 22.
Rh2 exf3 23. Nxf3 Qd5 24. Rd2 Qe6 25. Ng5 Qe7 26. Rgd1 Rxd2 27. Rxd2 Bc4 28. e6 Kg8 29. Rd7 Rd8 30. Rxe7 Rd1+ 31. Qc1 Rxc1+ 32. Kxc1 Kf8 33.
Rxh7 a5 34. e7+ Ke8 35. Nf3 Bd5 36. Ne5 c5 37. Rg7 Bg8 38. Rxg8+ Kxe7 39. h7 Kf6 40. h8=Q+ Ke6 41. Rxg6+ Kd5 42. Qd8+ Ke4 43. Qd3+ Kxf4 44. Rf6 c4 45. Rxf5# 1

[Event "Torneo Nuevo Centro. Jornada 10"]
[Site "Chess.com"]
[Date "2020.08.21"]
[Round "9"]
[White "Hernández Tomás, Efrén"]
[Black "Alvarez Usina, Jordi"]
[Result "0-1"]
[WhiteElo "1100"]
[BlackElo "1269"]
[TimeControl "180+2"]
[EndTime "12:10:47 PDT"]
[Termination "Victoria de jordi_alvarez por abandono"]

1. e4 e5 2. Nf3 Nf6 3. Nxe5 Bc5 4.
Bc4 Nxe4 5. Nxf7 Nxf2 6. Nxd8 Nxd1 7. Nf7 Nf2 8. Nxh8 Nxh1 9. Nc3 d6 10. Nd5 Bb6 11.
Nxb6 axb6 12. d3 Nc6 13. Bd2 Bg4 14. Be3 Ke7 15. Nf7 Re8 16. h3 Bh5 17. Ng5 Kf6 18.
Kd2 Ng3 19. Nxh7+ Kg6 20. Ng5 Rf8 21. Bf7+ Rxf7 22. Nxf7 Kxf7 23. Bf4 Nf5 24. g4 Bxg4 25.
hxg4 Nfd4 26. Be3 Kg6 27. Bxd4 Nxd4 28. c3 Nf3+ 29. Ke3 Ne5 30. Rg1 Kg5 31. b3 c5 32.
d4 cxd4+ 33. cxd4 Nc6 34. d5 Nb4 35. a3 Nxd5+ 36. Ke4 Nc3+ 37. Kd3 Nb5 38. a4 Nc7 39. Rc1 Nd5 40. Kd4 Nf4 41. Rc7 Ne6+ 42. Kd5 Nxc7+ 43. Kxd6 Na6 44. Kd5 Kxg4 45. Ke5 g5 46. Ke4 Kg3 47. Ke3 g4 48. Ke2 Kh2 49. Kf1 g3 50. b4 g2+ 51.
Kf2 g1=Q+ 0

[Event "Torneo Nuevo Centro. Jornada 10"]
[Site "Chess.com"]
[Date "2020.08.21"]
[Round "9"]
[White "Bosch Jordà, Ricard"]
[Black "Zamora Soler, Raul"]
[Result "1/2-1/2"]
[WhiteElo "1937"]
[BlackElo "1858"]
[TimeControl "180+2"]
[EndTime "12:10:54 PDT"]
[Termination "Partida en tablas por material insuficiente"]

1. e4 c5 2. Nf3 Nc6 3. d4 cxd4 4. Nxd4 Nf6 5. Nc3 e6 6. g3 Bb4 7. Bg2 O-O 8. O-O Bxc3 9. bxc3 d5 10. exd5 Nxd5 11.
Nxc6 bxc6 12. Ba3 Re8 13. c4 Nc3 14. Qxd8 Rxd8 15. Bxc6 Ne2+ 16. Kh1 Rb8 17. Rad1 Ba6 18. Bb5 Bxb5 19. cxb5 Nc3 20. Rxd8+ Rxd8 21. Bb4 Nxb5 22.
c4 Nd4 23. Rd1 Nc6 24. Rxd8+ Nxd8 25. Kg2 Nc6 26. Bd6 f5 27. Kf3 Kf7 28. Ke3 e5 29. Kd3 Ke6 30. c5 Kd5 31. h4 g6 32. Kc3 Nd4 33. Kb4 Nc6+ 34. Kb5 e4 35. a4 Nd4+ 36. Ka6 Nc6 37. Kb7 h6 38. Kc7 g5 39.
hxg5 hxg5 40. Kd7 f4 41. gxf4 gxf4 42. Bxf4 Kxc5 43. Be3+ Kd5 44. Kc7 Ne5 45. Bxa7 Nc4 46. Bb6 e3 47. fxe3 Ke4 48. a5 Nxa5 49. Bxa5 Kxe3 1/2-1

[Event "Torneo Nuevo Centro. Jornada 10"]
[Site "Chess.com"]
[Date "2020.08.21"]
[Round "9"]
[White "Conon, Catalin"]
[Black "Valmaña Cantó, Jaime"]
[Result "0-1"]
[WhiteElo "1944"]
[BlackElo "2359"]
[TimeControl "180+2"]
[EndTime "12:11:06 PDT"]
[Termination "Victoria de barberbirborbur por jaque mate"]

1. e4 e6 2. d4 d5 3. Bd3 c5 4.
exd5 exd5 5. Nf3 c4 6. Be2 Nc6 7.
O-O Nf6 8. b3 cxb3 9. axb3 Bd6 10. Bb2 O-O 11. c4 Bf5 12. Nc3 Nb4 13. Rc1 Re8 14. Re1 h6 15. c5 Bf4 16. Nd2 Nd3 17. Bxd3 Bxd3 18. Rxe8+ Qxe8 19. Ra1 Bg6 20. Nf3 a6 21.
Qe1 Qxe1+ 22. Rxe1 Kf8 23. Na4 Re8 24. Rxe8+ Kxe8 25. Kf1 Bc2 26. Nb6 Bxb3 27. Ke2 Nd7 28. Ba3 Nxb6 29. cxb6 Bc4+ 30. Ke1 f6 31. Nh4 Bd3 32. g3 Bb8 33. Kd2 Bh7 34. Kc3 h5 35. Ng2 g5 36.
f3 Kd7 37. Ne3 Kc6 38. Bc5 Bg6 39. Nd1 h4 40. gxh4 gxh4 41. Nf2 Bxh2 42. Ng4 Bg3 43. Nxf6 h3 44. Ng4 h2 45. Nxh2 Bxh2 46. Kb4 Bf4 47. Ka5 Bh5 48. Kb4 Bxf3 49. Kc3 Kb5 50.
Kd3 a5 51. Kc3 Be2 52. Kb3 a4+ 53. Ka3 Bc1+ 54. Ka2 Kc4 55. Kb1 Bd2 56. Ka2 Bb4 57.
Kb2 Bxc5 58. dxc5 Kxc5 59. Ka3 Bd1 60. Kb2 Kxb6 61. Kc3 Ka5 62. Kd2 Bb3 63. Kc3 b5 64. Kb2 Kb4 65. Ka1 Bc4 66. Kb2 a3+ 67. Ka1 Kc3 68.
Kb1 b4 69. Ka1 b3 70. Kb1 Bd3+ 71. Ka1 b2+ 72. Ka2 Bc4+ 73. Kb1 a2# 0

[Event "Torneo Nuevo Centro. Jornada 10"]
[Site "Chess.com"]
[Date "2020.08.21"]
[Round "9"]
[White "Gracia Calvo, Andrés"]
[Black "Gukasov, Artem"]
[Result "1-0"]
[WhiteElo "1794"]
[BlackElo "1463"]
[TimeControl "180+2"]
[EndTime "12:11:10 PDT"]
[Termination "Victoria de andresjaque21 por tiempo"]

1. d4 Nf6 2. Nf3 g6 3. Bf4 Bg7 4. e3 d6 5. c4 O-O 6. h3 b6 7. Be2 Bb7 8. Nc3 c5 9. d5 Nbd7 10. O-O a6 11. a4 Qc7 12. e4 h5 13. Re1 Nh7 14. Bd3 Ne5 15. Nxe5 Bxe5 16. Bxe5 dxe5 17. Qd2 Qd7 18. f4 exf4 19. Qxf4 e6 20. Rad1 exd5 21. Nxd5 Bxd5 22. exd5 Rfe8 23. Rf1 Kg7 24. Rf2 f5 25. Qf3 Qe7 26. Re2 Qd7 27. Rde1 Rxe2 28. Qxe2 Kf7 29.
Kf2 Re8 30. Qxe8+ Qxe8 31. Rxe8 Kxe8 32. Kf3 Ke7 33. Kf4 Kd6 34. g4 fxg4 35. hxg4 g5+ 36. Kf3 Nf6 37. gxh5 Nxh5 38. Kg4 Nf4 39.
Bf1 Ke5 40. Kxg5 b5 41. axb5 axb5 42. b3 Nxd5 43. cxd5 Kxd5 44. Bxb5 Kd4 45. Bc4 Kc3 46. Kf5 Kb4 47. Ke5 1

[Event "Torneo Nuevo Centro. Jornada 10"]
[Site "Chess.com"]
[Date "2020.08.21"]
[Round "9"]
[White "Bercaru, Vlad Ionut"]
[Black "Marques Montolio, Luis"]
[Result "0-1"]
[WhiteElo "1725"]
[BlackElo "1474"]
[TimeControl "180+2"]
[EndTime "12:11:53 PDT"]
[Termination "Victoria de ateneomaritimo por tiempo"]

1. c4 c6 2. Nf3 d5 3. e3 a6 4. Nc3 Bf5 5. d4 Nf6 6. cxd5 cxd5 7.
Bd3 Bxd3 8. Qxd3 Nc6 9. a3 e6 10. Bd2 Bd6 11. h3 Qc7 12. Rc1 h6 13. b4 Qd7 14. O-O Rc8 15. Ne2 O-O 16. Rfe1 Ne4 17.
Bc3 Bb8 18. Nd2 f5 19. Nxe4 fxe4 20. Qd2 Qd6 21. g3 Rf3 22. Nf4 Rf8 23. a4 g5 24. Nh5 Kh7 25. Re2 Kg6 26. b5 axb5 27.
axb5 Ne7 28. Bb4 Qd8 29. g4 Rxh3 30. Kg2 Rff3 31. Rh1 Rxh1 32. Kxh1 Qe8 33. Kg2 Nc8 34.
Ng3 Nd6 35. Bxd6 Bxd6 36. Qc2 Qd7 37. Nxe4 dxe4 38. Qxe4+ Rf5 39. gxf5+ exf5 40. Qd5 Qc7 41. Kf1 b6 42. Re1 h5 43. Qc6 Qb8 44. Rc1 h4 45. d5 Kh5 46. Qd7 Kg6 47. Qe6+ Kh5 48. Rc6 Bc5 49. Qg6+ Kg4 50. f3+ Kxf3 51. Qxf5+ Kxe3 52. Qxg5+ Kd3 53. Qf5+ Kc4 54. Qg4+ Kxb5 55. Qxh4 Qe5 56.
Qe1 Qf5+ 57. Kg2 Qxd5+ 0

[Event "Torneo Nuevo Centro. Jornada 10"]
[Site "Chess.com"]
[Date "2020.08.21"]
[Round "9"]
[White "Luque Saiz, Andrés"]
[Black "Martínez Escandell, Alfonso"]
[Result "0-1"]
[WhiteElo "2036"]
[BlackElo "1906"]
[TimeControl "180+2"]
[EndTime "12:12:05 PDT"]
[Termination "Victoria de Alfonso10 por abandono"]

1. e4 c5 2. Nf3 e6 3. Nc3 Nc6 4. d4 cxd4 5. Nxd4 Nf6 6. g3 Bc5 7. Nxc6 bxc6 8. e5 Nd5 9. Ne4 Be7 10. c4 Nb6 11. Nd6+ Bxd6 12. Qxd6 Qe7 13. Qxe7+ Kxe7 14. Be3 Bb7 15. O-O-O Kd8 16. b3 f6 17. f4 c5 18. Rg1 Rc8 19. Bh3 Ke8 20. a4 Rc7 21.
Kc2 Bf3 22. Rd2 Ke7 23. Kc3 a5 24. Rd6 Rb8 25. Rf1 Be4 26. Re1 Bf3 27. Bf1 Nc8 28.
Ra6 fxe5 29. fxe5 Ra8 30. Rxa8 Bxa8 31. Bd3 h6 32. Rf1 d5 33. exd6+ Nxd6 34. Bf4 Rd7 35. Re1 Bf3 36. Re3 Bg4 37. Bg6 Bf5 38. Bxf5 Nxf5 39.
Re5 g5 40. Be3 Kd6 41. Re4 Rf7 42. Bd2 Nd4 43. Kb2 Rf2 44. Kc3 Rf3+ 45. Re3 Rf2 46. Rd3 Rxh2 47. Be3 e5 48. Bd2 Rg2 49. Kb2 Ke6 50.
Ka3 Nc2+ 51. Kb2 Nd4 52. Ka3 e4 53. Re3 Rxd2 54. Rxe4+ Kf5 55. Re8 Nc2+ 56. Kb2 Nb4+ 57. Kc1 Rg2 58. Kd1 Rxg3 59. Rc8 Rxb3 60. Rxc5+ Kg4 61.
Rxa5 Ra3 62. c5 h5 63. Ra8 h4 64. Rd8 Rxa4 65. Rd5 Nxd5 0